 Dungeon Crawl Stone Soup version 0.30-a0-168-g0b976cbdc4 (webtiles) character file.

Game seed: 17769572114361066354

32 qw the Shield-Bearer (level 3, -2/23 HPs)
             Began as a Gargoyle Fighter on Sept 29, 2022.
             Slain by Sigmund
             ... wielding a +3 scythe of protection
              (7 damage)
             ... on level 2 of the Dungeon.
             The game lasted 00:00:25 (1304 turns).

qw the Shield-Bearer (Gargoyle Fighter)             Turns: 1304, Time: 00:00:26

Health: -2/23      AC: 14    Str: 21    XL:     3   Next: 25%
Magic:  3/3        EV:  5    Int:  8    God:
Gold:   43         SH:  4    Dex:  9    Spells: 2/2 levels left

rFire   . . .      SeeInvis .    Y - +0 war axe
rCold   . . .      Faith    .    c - +0 buckler
rNeg    + . .      Spirit   .    j - +0 plate armour
rPois   inf        Reflect  .    (no helmet)
rElec   +          Harm     .    (no cloak)
rCorr   .          Rampage  .    (no gloves)
Will    .....                    (no boots)
Stlth   ..........               (no amulet)
HPRegen 0.07/turn                (no ring)
MPRegen 0.08/turn                (no ring)

@: no status effects
A: sickness immunity, AC +3, negative energy resistance 1, electricity
resistance, torment resistance 1, petrification resistance
a: no special abilities


You were on level 2 of the Dungeon.
You visited 1 branch of the dungeon, and saw 2 of its levels.

You collected 43 gold pieces.


Innate Abilities, Weirdness & Mutations

You are immune to sickness and miasma.
Your stone body is resilient. (AC +3)
You are immune to poison.
You resist negative energy. (rN+)
You are resistant to electric shocks. (rElec)
You are resistant to unholy torment.
You are immune to petrification.


   Skills:
 - Level 3.2 Fighting
 + Level 3.2 Axes
 - Level 3.2 Armour
 - Level 3.2 Shields


You had 2 spell levels left.
You didn't know any spells.
Your spell library was empty.

Inventory:

Hand Weapons
 f - a +0 whip
 Y - a +0 war axe (weapon)
Armour
 c - a +0 buckler (worn)
 j - a +0 plate armour (worn)
Scrolls
 a - a scroll of identify {unknown}
Potions
 d - a potion of might
 e - a potion of curing {unknown}
 h - a potion of mutation {unknown}
 i - a potion of lignification {unknown}

Dungeon Overview and Level Annotations

Branches:
Dungeon (2/15)

Altars:

Annotations:
D:2 Sigmund


Message History

You barely miss the quokka.
The quokka bites you but does no damage.
The dart slug launches a dart at you.
The slug dart hits you but does no damage.
The quokka bites you but does no damage.
You closely miss the quokka.
Sigmund casts a spell.
Sigmund flickers and vanishes!
Deactivating autopickup; reactivate with Ctrl-A.
The quokka barely misses you. The dart slug launches a dart at you.
The slug dart hits you but does no damage.
Something hits you.
You barely miss the quokka.
The quokka bites you but does no damage. x2
You block something's attack.
You slash the dart slug!
You kill the dart slug!
You hit the quokka.
The quokka bites you but does no damage.
The quokka barely misses you. Something hits you.
You closely miss the quokka.
The quokka is lightly wounded.
The quokka barely misses you. Something hits you but does no damage.
You barely miss the quokka.
The quokka is lightly wounded.
The quokka twitches its whiskers.
You block the quokka's attack.
The quokka bites you but does no damage.
You closely miss the quokka.
The quokka is lightly wounded.
Something hits you but does no damage.
The quokka bites you but does no damage. x2
You closely miss the quokka.
The quokka is lightly wounded.
Something hits you. The quokka barely misses you.
You barely miss the quokka.
The quokka is lightly wounded.
The quokka barely misses you. Something hits you!
You die...

#.##7 #.# #.#<# #.#
#.#.# #.# #.#.#
##### #.######.#.#
...... #........#.#
.....$##........#.#
................#.#
#...r@..........#
.....{%...####....#
..........# #....#
##.###....# #....#
# ###### #....#
#....# #....#
......


You could see a quokka.

Vanquished Creatures
  2 dart slugs
  5 bats (D:1)
  4 giant cockroaches (D:1)
  A goblin (D:1)
  A hobgoblin (D:1)
  2 jackals (D:1)
  3 kobolds (D:1)
  3 ball pythons (D:1)
  3 frilled lizards (D:1)
  3 rats (D:1)
27 creatures vanquished.

Notes
Turn   | Place    | Note
-------+----------+-------------------------------------------
     0 | D:1      | qw the Gargoyle Fighter began the quest for the Orb.
     0 | D:1      | Reached XP level 1. HP: 14/14 MP: 1/1
     0 | D:1      | 0 ||| qw: Version: 0.2-a-12-gaebbb33
     0 | D:1      | 0 ||| qw: Game counter: 1222
     0 | D:1      | 0 ||| qw: Always use a shield: true
     0 | D:1      | 0 ||| qw: God list: Okawaru
     0 | D:1      | 0 ||| qw: Allow faded altars: false
     0 | D:1      | 0 ||| qw: Do Orc after D:15 true
     0 | D:1      | 0 ||| qw: Do second Lair branch before Depths: true
     0 | D:1      | 0 ||| qw: Lair rune preference: random
     0 | D:1      | 0 ||| qw: Plans: Normal, Zot:1-4, God:TSO, Crypt, Tomb,
                  | Pan, Slime:5, Hells, Abyss, Orb
     0 | D:1      | 0 ||| PLANNING D:1-11
   118 | D:1      | 118 ||| Stepping ~*~*~tactically~*~*~ (stealth).
   121 | D:1      | 121 ||| Stepping ~*~*~tactically~*~*~ (stealth).
   164 | D:1      | Reached XP level 2. HP: 14/19 MP: 2/2
   165 | D:1      | 165 ||| Stepping ~*~*~tactically~*~*~ (stealth).
   177 | D:1      | 177 ||| Stepping ~*~*~tactically~*~*~ (stealth).
   706 | D:1      | Reached skill level 3 in Axes
   869 | D:1      | Reached XP level 3. HP: 23/23 MP: 3/3
  1063 | D:1      | 1063 ||| Stepping ~*~*~tactically~*~*~ (stealth).
  1229 | D:1      | 1229 ||| UPGRADING to +0 plate armour.
  1239 | D:1      | 1239 ||| DROPPING +0 scale mail.
  1240 | D:1      | 1240 ||| READING scroll labelled KALAPL CAREFU.
  1292 | D:2      | Noticed Sigmund
  1303 | D:2      | HP: 5/23 [something (3)]
  1304 | D:2      | Slain by Sigmund

Levels and vault maps discovered:
D:1:      lemuel_arrival_tunnels, layout_basic
D:2:      layout_basic, serial_shops, shop, basic_altar, eino_curves_02,
          dk_vineyard_1, serial_bayou_lagoon_b, uniq_sigmund

Skill      XL: |  1  2 |
---------------+-------+-----
Axes           | 2 3 |  3.2
Fighting       | |  3.2
Armour         | |  3.2
Shields        | |  3.2

Action                   || total
-------------------------++-------
Melee: War axe           ||    96
  Use: Scroll            ||     1
Armor: Scale mail        ||    55
       Plate armour      ||    12
Dodge: Dodged            ||    50
Block: Buckler           ||    20

Table legend:
 A = Non-vault XP
 B = Vault XP
 C = Vault XP percentage of total XP
 D = Non-vault monster count
 E = Vault monster count
 F = Vault count percentage of total count
                 A         B        C        D         E       F
            +---------+---------+-------+---------+---------+-------
      Total |      46 |       0 |   0.0 |      27 |       0 |   0.0
            +---------+---------+-------+---------+---------+-------
        D:1 |      42 |       0 |   0.0 |      26 |       0 |   0.0
        D:2 |       4 |       0 |   0.0 |       1 |       0 |   0.0
            +---------+---------+-------+---------+---------+-------
